[Event "37th ECCC 2022"]
[Site "Mayrhofen"]
[Date "2022.10.06"]
[Round "4.31"]
[White "Blomqvist, Erik"]
[Black "Mamedov, Rauf"]
[Result "1/2-1/2"]
[ECO "B34"]
[WhiteElo "2526"]
[BlackElo "2646"]
[Annotator "TA"]
[PlyCount "81"]
[EventDate "2022.10.03"]
[EventType "team-tourn"]
[EventCountry "AUT"]
[SourceTitle "playchess.com"]
[Source "ChessBase"]
[SourceQuality "1"]
[TimeControl "40/5400+30:1800+30"]

1. e4 {[%emt 0:00:04] Nielsen,Peter Heine} c5 2. Nf3 Nc6 3. d4 cxd4 4. Nxd4 Nf6 5. Nc3 e5 6. Ndb5 d6 7. Nd5 Nxd5 8. exd5 Ne7 9. c4 Ng6 10. Qa4 Bd7 11. Qb4 Bf5 {[%emt 0:00:06] B33: Sicilian: Pelikan and Sveshnikov Variations.} 12. h4 h5 13. Bg5 Qb8 {[%emt 0:00:04] White has an edge.} 14. g3 a6 15. Nc3 Qc7 16. Be2 Be7 17. Be3 e4 {[%emt 0:16:08] [#]} 18. Bb6 $146 ({Predecessor:} 18. O-O O-O 19. Bxh5 Ne5 20. Be2 Qd7 21. Qa4 Qc8 22. c5 dxc5 23. Nxe4 {0-1 (39) Karjakin,S (2753)-Carlsen,M (2845) Shamkir 2019 CBM 190 [Nielsen,Peter Heine]}) 18... Qd7 19. Bd4 O-O 20. Bxh5 b5 (20... Bg4 $11 21. Bxg4 Qxg4) 21. cxb5 {[%emt 0:15:53] White is more active.} (21. Bxg6 $16 fxg6 22. cxb5) 21... Ne5 $11 {[%emt 0:01:11] [#] Threatens to win with ...Nd3+.} 22. Bxe5 dxe5 23. Qb3 e3 (23... Bc5 $11) 24. fxe3 $14 axb5 25. Qxb5 Qxb5 26. Nxb5 {[%emt 0:00:10] aiming for d6.} Rfb8 $1 27. O-O (27. d6 $14 Bf8 28. O-O Rxb5 29. Rxf5) 27... Rxb5 $11 {[%emt 0:01:02] The position is equal.} 28. Rxf5 g6 $1 29. Bxg6 fxg6 30. Rxe5 Bf8 31. Kg2 Rxb2+ 32. Kh3 Raxa2 33. Rxa2 Rxa2 {[%emt 0:00:20][%mdl 4096] Endgame KRB-KR} 34. Re6 Kf7 35. Kg4 Rd2 36. e4 Rd3 37. Rc6 Re3 38. Kf4 Bh6+ 39. Ke5 Bg7+ 40. Kf4 Bh6+ 41. Ke5 {[%emt 0:30:04] Weighted Error Value: White=0.09 (flawless) /Black=0.07 (flawless)} 1/2-1/2

[Event "37th ECCC 2022"]
[Site "Mayrhofen"]
[Date "2022.10.06"]
[Round "4.32"]
[White "Shevchenko, Kirill"]
[Black "Seo, Jung Min"]
[Result "1-0"]
[ECO "C65"]
[WhiteElo "2645"]
[BlackElo "2520"]
[Annotator "TA"]
[PlyCount "89"]
[EventDate "2022.10.03"]
[EventType "team-tourn"]
[EventCountry "AUT"]
[SourceTitle "playchess.com"]
[Source "ChessBase"]
[SourceQuality "1"]
[TimeControl "40/5400+30:1800+30"]

1. e4 {[%emt 0:00:03] CB} e5 2. Nf3 Nc6 3. Bb5 Nf6 4. d3 Bc5 5. Bxc6 dxc6 6. O-O {[%emt 0:00:04] C65: Ruy Lopez: Berlin Defence (3...Nf6), unusual lines and 4 0-0 Bc5.} Nd7 7. Nbd2 {[%emt 0:01:16] 7.c3 gains popularity.} O-O 8. Nc4 {[%emt 0:00:09] The position is equal.} Re8 9. Kh1 a5 10. a4 b6 11. g3 {[%emt 0:11:21] [#]} Qe7 $146 ({Predecessor:} 11... Nf8 12. Ncxe5 f6 13. d4 Bd6 14. Nxc6 Qd7 15. d5 Rxe4 16. Nd2 Re8 17. Nc4 Ba6 {½-½ (60) Caruana,F (2772)-Karjakin,S (2786) Zug 2013 CBM 154 [CB]}) 12. Be3 (12. Kg2 {feels hotter.} Qe6 13. Ng5 Qg6 14. Nf3) 12... Bxe3 (12... f5 {seems wilder.} 13. exf5 e4 14. Nd4 Bxd4 15. Bxd4 Qf7) 13. Nxe3 Nf6 14. Nh4 g6 15. Nhg2 Rd8 16. Qe2 Ba6 17. f3 Re8 18. Qf2 Rad8 19. b3 Rd6 20. Rg1 Red8 21. Nh4 Qe6 22. Rad1 Kh8 (22... Bxd3 $11 23. cxd3 (23. Rxd3 Rxd3 24. cxd3 Qxb3 $14) 23... Qxb3) 23. f4 $16 Bxd3 24. cxd3 Rxd3 25. Rxd3 Rxd3 {[%emt 0:00:04] [#]} 26. fxe5 ({White should play} 26. f5 $1 $16 gxf5 27. Nhxf5 (27. exf5 Qxb3 28. Re1 Qxa4 $17)) 26... Qxe5 $14 27. Rf1 Qxe4+ 28. Nhg2 (28. Kg1 $5 Qxe3 29. Qxe3 Rxe3 30. Rxf6 $14) 28... Rd6 (28... Ng8 $1 $11 {remains equal.}) 29. Nc4 Re6 30. Qb2 Kg7 31. Kg1 $36 {[%emt 0:00:01][%mdl 2048] Black is under pressure.} c5 (31... b5 $1 $14 32. axb5 (32. Nxa5 bxa4 33. bxa4 Qxa4 $16) 32... cxb5 33. Nxa5 c5) 32. Nf4 $18 Rc6 33. Rd1 Qe7 (33... h6 $142 34. Qa1 h5) 34. Qe5 Kf8 35. Rd2 ({Better is} 35. Qc3 $18) 35... h6 {[%emt 0:00:47] [#]} (35... Qxe5 $16 36. Nxe5 Rd6 37. Rxd6 cxd6) 36. h4 (36. Qa1 $1 $18) 36... h5 (36... Qxe5 $16 37. Nxe5 Rd6 38. Rxd6 cxd6) 37. Rd1 {[%emt 0:00:20] Threatens to win with Qc3.} Qe8 (37... Qxe5 $16 38. Nxe5 Rd6 39. Rxd6 cxd6) 38. Qc3 {[%emt 0:00:26] aiming for Re1.} Kg7 $2 (38... Kg8 {keeps fighting.} 39. Re1 Qd8) 39. Ne5 {[%emt 0:00:48] Pair of Knights!} Rd6 40. Rxd6 cxd6 41. Nc4 Qe4 42. Nxd6 Qe7 {[%emt 0:00:00] [#]} (42... Qd4+ 43. Qxd4 cxd4) 43. Nxh5+ $1 gxh5 (43... Kf8 44. Qxf6) 44. Nf5+ Kf8 45. Nxe7 {[%emt 0:00:00] Weighted Error Value: White=0.16 (very precise) /Black=0.57} 1-0

[Event "37th ECCC 2022"]
[Site "Mayrhofen"]
[Date "2022.10.06"]
[Round "4.33"]
[White "Trost, Edvin"]
[Black "Iskandarov, Misratdin"]
[Result "1/2-1/2"]
[ECO "E62"]
[WhiteElo "2347"]
[BlackElo "2601"]
[Annotator "TA"]
[PlyCount "105"]
[EventDate "2022.10.03"]
[EventType "team-tourn"]
[EventCountry "AUT"]
[SourceTitle "playchess.com"]
[Source "ChessBase"]
[SourceQuality "1"]
[TimeControl "40/5400+30:1800+30"]

1. d4 Nf6 2. c4 g6 3. g3 Bg7 4. Bg2 O-O 5. Nc3 d6 6. Nf3 c6 7. O-O Bf5 8. Ng5 {[%emt 0:02:38] E62: King's Indian: Fianchetto: 6...c6 and Panno Variation (6...Nc6) without ...a6.} h6 9. e4 Bg4 10. f3 {[%emt 0:02:26] White has an edge.} Bd7 11. Nh3 e5 12. Be3 Na6 13. Qd2 Kh7 14. Nf2 Qe7 15. Rfd1 {[%emt 0:06:28] [#]} exd4 $146 ({Predecessor:} 15... Rfd8 16. d5 c5 17. Rf1 Nh5 18. Nd3 f5 19. Rae1 Nf6 20. f4 Ng4 21. fxe5 dxe5 {1-0 (60) Vakhidov,J (2542)-Vogt,L (2402) St Clement Bay 2018}) 16. Bxd4 (16. Qxd4 $6 {[#]} Ng4 $1 17. Qd3 (17. Qxd6 Qxd6 18. Rxd6 Nxe3 $17) 17... Nxe3 18. Qxe3 Be6 $11) 16... Be6 17. b3 Rfd8 18. Rac1 Nc5 19. Qe3 {[%emt 0:10:04] e5 is the strong threat.} Ncd7 20. Qe2 Re8 21. Rc2 a6 22. Nd3 (22. f4 $16) 22... b5 $14 23. Nf4 bxc4 24. bxc4 Rab8 25. Nxe6 {[%emt 0:11:18] White has more active pieces.} Qxe6 26. Rcd2 Rb4 27. Bf1 Ne5 28. c5 d5 29. exd5 Qf5 30. Bxe5 ({Don't play} 30. f4 Nc4 31. Be5 Nxd2 32. Qxd2 Rxe5 33. fxe5 Qxe5 $15) 30... Rxe5 31. Qd3 Qh5 32. Re2 (32. a3 $14 Rb3 33. Qc4 (33. dxc6 $2 Rxc5 34. Rc2 Rxc6 $19) 33... Rxa3 34. d6 (34. dxc6 $2 Rxc5 35. Qxf7 Rcxc3 $19)) 32... Nxd5 $11 33. Rxe5 Qxe5 34. Nxd5 Rd4 35. Qxd4 Qxd4+ 36. Rxd4 Bxd4+ 37. Kg2 cxd5 $14 {[%emt 0:00:11][%mdl 4096] Endgame KB-KB} 38. c6 Bb6 39. Bxa6 Kg7 40. f4 Kf6 41. Kf3 Ke6 42. Bc8+ Kd6 43. Bd7 Ba5 44. a4 Bb6 45. f5 gxf5 46. Kf4 d4 47. Kxf5 d3 {[%emt 0:00:08] [#] Hoping for ...d2.} 48. Kf6 d2 49. Bg4 {[%emt 0:00:03] Strongly threatening Bf3.} Bg1 50. Kxf7 (50. h3 $14 {was preferrable.}) 50... Bxh2 $11 {[%emt 0:00:06] The position is equal.} 51. Kg6 Bxg3 52. Kxh6 Kxc6 53. Kg5 {[%emt 0:00:04] Weighted Error Value: White=0.08 (flawless) /Black=0.06 (flawless)} 1/2-1/2

[Event "37th ECCC 2022"]
[Site "Mayrhofen"]
[Date "2022.10.06"]
[Round "4.34"]
[White "Asadli, Vugar"]
[Black "Kenneskog, Theodor"]
[Result "1-0"]
[ECO "B23"]
[WhiteElo "2575"]
[BlackElo "2320"]
[Annotator "TA"]
[PlyCount "69"]
[EventDate "2022.10.03"]
[EventType "team-tourn"]
[EventCountry "AUT"]
[SourceTitle "playchess.com"]
[Source "ChessBase"]
[SourceQuality "1"]
[TimeControl "40/5400+30:1800+30"]

1. e4 c5 2. Nc3 d6 3. f4 g6 4. Nf3 Bg7 5. Bb5+ Bd7 6. Bc4 {[%emt 0:00:11] B23: Closed Sicilian: Lines without g3.} Nc6 7. d3 e6 8. f5 {[%emt 0:00:22] The position is equal.} gxf5 9. exf5 (9. O-O $5 ) 9... d5 10. Bb5 Nd4 (10... Nge7 $11 {remains equal.}) 11. Nxd4 $16 {[%emt 0:16:21] [#]} Qh4+ $146 (11... Bxd4 12. fxe6 fxe6 13. Qh5+ Ke7 14. Bg5+ Nf6 15. Bxf6+ (15. Rf1 h6 $16) 15... Bxf6 16. O-O Bxb5 17. Nxb5 $14) ({Predecessor:} 11... cxd4 12. fxe6 fxe6 13. Qh5+ Ke7 14. Bxd7 dxc3 15. O-O Bd4+ 16. Kh1 Kxd7 17. bxc3 Bf6 {1-0 (30) Tari,A (2639)-Preotu,R (2487) Chess.com INT 2021}) 12. g3 Qxd4 13. fxe6 Qe5+ 14. Kf2 {[%emt 0:09:47] White is more active.} ({Of course not} 14. Qe2 fxe6 15. O-O Qxe2 16. Bxd7+ Kxd7 $11) 14... fxe6 (14... Bxb5 $2 15. Nxb5 (15. exf7+ Kxf7 16. Nxb5 Ne7 $18) 15... fxe6 16. Bf4 $18) 15. Kg2 {[%emt 0:11:26] aiming for Re1.} Ne7 16. Re1 Qf5 {[%emt 0:00:05] [#]} (16... Qf6 $142) 17. Bxd7+ (17. Rf1 Qg6 $11) (17. Ne4 $1 $16 {[%cal Re4d6][%mdl 512] And now Nd6+ would win.} O-O 18. Bxd7 dxe4 19. dxe4) 17... Kxd7 $11 18. Ne4 Kc6 {[%emt 0:08:56] [#]} (18... Rac8 $11 {keeps the balance.}) 19. Ng5 $1 $36 {[%emt 0:05:54][%mdl 2048] g4 is the strong threat. White is on the roll.} e5 20. Rf1 Qg6 21. Qg4 {[%emt 0:00:29] Black must now prevent Rf7.} Rhf8 {[%emt 0:01:56] Against Rf7} 22. Be3 (22. Rxf8 $14 Rxf8 23. Qe6+ Qxe6 24. Nxe6) 22... Rf5 $2 {[%emt 0:03:33] This move loses the game for Black.} (22... Nf5 $1 $15 {keeps the upper hand.} 23. Qa4+ Kc7) 23. Qa4+ $18 Kc7 24. Bxc5 (24. Qb5 b6 $15) 24... Rxf1 25. Rxf1 {[%emt 0:00:47] Really sharp!} Qxg5 26. h4 {[%emt 0:00:54][%mdl 64] Deflection} ({Don't take} 26. Rf7 $6 Qd2+ 27. Rf2 (27. Kh3 Qh6+ 28. Kg2 Qd2+ 29. Kh3 Qh6+ 30. Kg2 Qd2+ $18) 27... Qh6) 26... Qg6 (26... Qd2+ $2 27. Rf2 Qxf2+ 28. Bxf2 $18) 27. Bxe7 Re8 $2 (27... a5 {keeps fighting.} 28. Qb5 Qc6 29. Qxc6+ Kxc6) 28. Qa5+ ({Not} 28. Bc5 a6 29. Ba7 Kc8 $16) 28... Kc8 29. Qc5+ Kd7 $2 (29... Qc6 30. Qxc6+ bxc6) 30. Bg5 Qe6 31. Qxa7 Kc8 32. c4 d4 33. Qc5+ Kb8 34. Qd5 {[%emt 0:00:17] Threatens to win with Rf7.} Qb6 (34... h6 $142 35. Qxe6 Rxe6) 35. Qd7 {[%emt 0:01:02] Weighted Error Value: White=0.22 (precise) /Black=0.42} 1-0

[Event "37th ECCC 2022"]
[Site "Mayrhofen"]
[Date "2022.10.06"]
[Round "4.35"]
[White "Hedman, Erik"]
[Black "Ahmadzada, Ahmad"]
[Result "0-1"]
[ECO "A37"]
[WhiteElo "2322"]
[BlackElo "2488"]
[Annotator "TA"]
[PlyCount "58"]
[EventDate "2022.10.03"]
[EventType "team-tourn"]
[EventCountry "AUT"]
[SourceTitle "playchess.com"]
[Source "ChessBase"]
[SourceQuality "1"]
[TimeControl "40/5400+30:1800+30"]

1. Nf3 c5 2. g3 Nc6 3. Bg2 g6 4. c4 Bg7 5. Nc3 e5 6. a3 d6 7. O-O {[%emt 0:03:27] 7.Rb1 is not played anymore.} Nge7 8. b4 O-O 9. Rb1 {[%emt 0:00:25] A37: Symmetrical English vs ...g6: 4 Bg2 Bg7 5 Nf3.} f5 10. Na4 e4 11. Ne1 {[%emt 0:01:41] The position is equal.} cxb4 {[%emt 0:01:33] [#]} 12. d3 $146 ({Predecessor:} 12. axb4 b5 13. cxb5 Nd4 14. Bb2 Nxb5 15. Qb3+ d5 16. Bxg7 Kxg7 17. Qb2+ Kg8 18. Nc2 {1-0 (45) Dimitrov,R (2505)-Petrov,M (2525) Primorsko 2020}) 12... d5 13. cxd5 Nxd5 14. dxe4 Nc3 15. Nxc3 bxc3 16. Qb3+ Kh8 17. Be3 fxe4 18. Nc2 Qe7 19. Rfd1 Re8 20. Qc4 (20. Nd4 $11) 20... Bg4 (20... Bf5 $1 $17 21. h3 Rac8) 21. h3 $15 Ne5 $36 {[%emt 0:02:03][%mdl 2048] Black is more active.} 22. Qxe4 Bxe2 23. Rd4 ({Better is} 23. Re1 $1 $15 Bd3 24. Qxb7) 23... Nc6 (23... Qf6 $142 {And now ...Nf3+ would win.} 24. Qxb7 Bf3) 24. Qxe7 $17 Rxe7 25. Rd6 Be5 26. Rxc6 ({White has to play} 26. Rd5 $1 $15) 26... bxc6 27. Re1 {[%emt 0:00:02] [#]} (27. Nd4 $17 {was worth a try.} Bd3 28. Rb3) 27... Bb5 $1 $19 28. Bd4 $2 {[%emt 0:00:48] [#]} (28. Bg5 Rae8 29. Bxe7 Rxe7 30. Nb4) 28... Bxd4 $1 29. Rxe7 Rd8 {[%emt 0:00:31] Weighted Error Value: White=0.36/Black=0.11 (very precise)} 0-1

[Event "37th ECCC 2022"]
[Site "Mayrhofen"]
[Date "2022.10.06"]
[Round "4.36"]
[White "Sadikhov, Ulvi"]
[Black "Bator, Robert"]
[Result "1/2-1/2"]
[ECO "B30"]
[WhiteElo "2473"]
[BlackElo "2353"]
[Annotator "TA"]
[PlyCount "98"]
[EventDate "2022.10.03"]
[EventType "team-tourn"]
[EventCountry "AUT"]
[SourceTitle "playchess.com"]
[Source "ChessBase"]
[SourceQuality "1"]
[TimeControl "40/5400+30:1800+30"]

1. e4 {[%emt 0:00:03] Marin,M} c5 2. Nf3 Nc6 3. g3 Nf6 4. d3 g6 5. Bg2 Bg7 6. O-O O-O 7. Re1 e5 8. c3 d5 9. exd5 Nxd5 10. Nbd2 h6 11. Nc4 Re8 $1 (11... Bg4 12. Qb3 $14) 12. Qb3 {[%emt 0:00:13][%cal Of3e5] A08: King's Indian Attack.} Nb6 13. Nfd2 Be6 {[%emt 0:11:30] [#]} ({Much less strong is} 13... Qxd3 14. Nxb6 axb6 15. Qxb6 $14) 14. Qb5 $146 {[%emt 0:10:38] Black has an edge.} ({Predecessor:} 14. Qc2 f5 15. Bxc6 Bxc4 16. Nxc4 bxc6 17. Qb3 Kh7 18. Be3 Qd5 19. Na5 Nd7 20. Qa4 {0-1 (34) Maiwald,J (2505)-Movsesian,S (2645) Germany 2006 CBM 112 [Marin,M]}) 14... Qxd3 15. Bf1 Qd8 16. Qxc5 Nd7 17. Qe3 Qc7 {[%emt 0:02:09] Prevents Nd6.} 18. Ne4 Nb6 19. Ncd6 Red8 20. Nb5 Qb8 21. Nc5 Bc4 (21... Bd5 $15) 22. Bxc4 $11 Nxc4 23. Qe4 Nb6 24. Qh4 Rd5 (24... a6 $5 25. Na3 $8 g5 $11) 25. b4 (25. Be3 $11 {remains equal.}) 25... a6 $17 {[%emt 0:01:09] Hoping for ...g5.} 26. Na3 {[%emt 0:01:37] [#]} a5 (26... e4 $1 $17 {...Rh5 is the strong threat.} 27. Nxe4 Rh5) 27. Nc4 Nxc4 28. Qxc4 Ne7 29. Be3 b6 30. Nb3 ({White should play} 30. Ne4 $11) 30... axb4 $15 31. Qxb4 Rd6 32. c4 {[%emt 0:00:35] Inhibits Nd5.} Nf5 33. a4 Nxe3 34. Rxe3 Qc7 35. Qb5 Rc6 36. Rc1 h5 37. Rec3 (37. Ree1 $11) 37... e4 $17 38. R3c2 Bh6 39. Re1 Re6 40. c5 e3 {[%emt 0:01:07] White must now prevent ...exf2+.} 41. f4 bxc5 (41... Bg7 $5 ) 42. Rxc5 Qa7 43. Qc4 e2 44. Kg2 ({But not} 44. Rxe2 $2 Rxe2 45. Qxe2 Bf8 $19) 44... Bf8 45. Rb5 (45. Rc7 $11 {and White has nothing to worry.} Qxa4 46. Qxa4 Rxa4 47. Rc8) 45... Qxa4 $2 (45... Rd8 $19 {aiming for ...Rd1.} 46. Rxe2 {[#]} Rc8 $3 ) 46. Qxa4 $11 {[%emt 0:00:13] The position is equal.} Rxa4 47. Kf2 Ra2 {[%emt 0:01:38] And now ...Bg7 would win.} 48. Nd4 Re4 49. Rxe2 Rexe2+ {[%emt 0:00:45] Weighted Error Value: White=0.22 (precise) /Black=0.19 (very precise)} 1/2-1/2

[Event "37th ECCC 2022"]
[Site "Mayrhofen"]
[Date "2022.10.06"]
[Round "4.37"]
[White "Rodshtein, Maxim"]
[Black "Ten Hertog, Hugo"]
[Result "1-0"]
[ECO "B06"]
[WhiteElo "2602"]
[BlackElo "2525"]
[Annotator "TA"]
[PlyCount "81"]
[EventDate "2022.10.03"]
[EventType "team-tourn"]
[EventCountry "AUT"]
[SourceTitle "playchess.com"]
[Source "ChessBase"]
[SourceQuality "1"]
[TimeControl "40/5400+30:1800+30"]

1. e4 g6 2. d4 d6 3. Nc3 a6 4. h4 h5 5. Be3 b5 6. f3 {[%emt 0:03:42] B06: Modern Defence.} Nf6 7. Qd2 {[%emt 0:02:25] [#]} e5 $146 ({Predecessor:} 7... Bb7 8. Nh3 Nbd7 9. Ng5 Bg7 10. Ne2 O-O 11. O-O-O c5 12. d5 Ne5 13. Nf4 b4 {1-0 (27) De Silva,L (2193)-Selbes,T (2287) Chess.com INT 2022}) 8. dxe5 {[%emt 0:27:43] White is slightly better.} dxe5 9. Qxd8+ Kxd8 10. a4 b4 11. Rd1+ (11. Bg5 {with more complications.} Be7 12. Bxf6 Bxf6 13. O-O-O+) 11... Nbd7 12. Nb1 Ne8 13. Nd2 Bh6 (13... a5 $14) 14. Bxh6 $16 Rxh6 15. Nc4 {[%emt 0:00:27] Against Nd6. Black must now prevent Nxe5.} f6 16. g3 Ke7 17. Na5 {[%emt 0:01:59] White is much more active.} Kf8 18. Rh2 Nb6 {[%emt 0:02:46] White now steadily converts the win.} (18... Nc5 $14) 19. b3 Nd6 20. c3 Be6 (20... bxc3 $16 21. Rc2 Rh7) 21. cxb4 $18 Rh7 22. Rc2 Ne8 23. Ne2 Rd7 24. Rxd7 Nxd7 25. Nc1 Kf7 26. Nd3 Rb8 27. Nc6 Ra8 28. Rc3 Nb8 (28... Nd6 $142 29. Na5 Ra7) 29. Nd8+ Ke7 30. Nxe6 Kxe6 31. f4 Nd7 32. Bh3+ f5 33. exf5+ gxf5 34. fxe5 Nxe5 35. Nf4+ ({Much less strong is} 35. Nxe5 Kxe5 36. Rc5+ Kd4 37. Bxf5 Rb8 $18) 35... Kd6 36. Nxh5 ({Less strong is} 36. Bxf5 Nf6 37. Re3 c6 $18) 36... Rb8 37. Bxf5 Rxb4 38. Nf4 Nf6 39. h5 Rb8 40. Re3 Rh8 41. Ng6 {[%emt 0:30:55] Weighted Error Value: White=0.09 (flawless) /Black=0.27 (precise)} 1-0

[Event "37th ECCC 2022"]
[Site "Mayrhofen"]
[Date "2022.10.06"]
[Round "4.38"]
[White "Lombaers, Peter"]
[Black "Mikhalevski, Victor"]
[Result "1/2-1/2"]
[ECO "D38"]
[WhiteElo "2351"]
[BlackElo "2523"]
[Annotator "TA"]
[PlyCount "125"]
[EventDate "2022.10.03"]
[EventType "team-tourn"]
[EventCountry "AUT"]
[SourceTitle "playchess.com"]
[Source "ChessBase"]
[SourceQuality "1"]
[TimeControl "40/5400+30:1800+30"]

1. d4 d5 2. c4 e6 3. Nf3 Nf6 4. Nc3 Bb4 5. Qa4+ Nc6 6. a3 Bxc3+ 7. bxc3 Ne4 {[%emt 0:04:12] D38: Queen's Gambit Declined: Ragozin Defence (4 Nf3 Bb4).} 8. e3 O-O 9. Bd3 Ne7 10. Qc2 {[%emt 0:03:34] [#]} b6 $146 ({Predecessor:} 10... Nf6 11. O-O c5 12. Rd1 Qc7 13. Bb2 dxc4 14. Bxc4 cxd4 15. cxd4 b5 16. Bd3 Qxc2 17. Bxc2 {½-½ (74) Topel,Z (2226)-Gaponenko,I (2465) Konya 2010}) 11. cxd5 exd5 12. Nd2 (12. O-O $14) 12... Nf6 (12... Nxd2 $11 {should be considered.} 13. Bxd2 (13. Bxh7+ $2 Kh8 $19) 13... g6) 13. e4 {[%emt 0:17:42] White is more active.} (13. O-O $14) 13... dxe4 14. Nxe4 Ng6 15. Bg5 Bb7 16. O-O Bxe4 $1 17. Bxe4 {[%emt 0:00:17] A strong pair of Bishops.} Rb8 18. Qa4 a5 19. Rfe1 h6 20. Bxf6 Qxf6 21. Bc6 Ne7 22. Bf3 Rbc8 23. Qd7 Ng6 24. Bb7 Rfd8 25. Bxc8 Rxd7 26. Bxd7 Nf4 27. Ra2 $2 {[%emt 0:05:42] [#]} (27. Re8+ $11 {and White stays safe.} Kh7 28. Re3) 27... Qd6 (27... Nxg2 $1 $19 {[%mdl 512] has better winning chances.} 28. Kxg2 Qg5+ 29. Kf1 Qd5) 28. Bf5 $17 {[%emt 0:01:56] Black must now prevent Re8+.} g6 $36 {[%emt 0:00:04][%mdl 3072] Black has strong compensation. Black has strong initiative.} 29. Be4 {[%emt 0:00:40] [#] Prevents Qd5.} Qe6 $1 30. Raa1 Qb3 (30... Qc4 $5 31. Re3 Ne2+ 32. Kh1 Nxc3 $15) 31. Re3 (31. g3 $15 f5 32. Bb7 (32. gxf4 fxe4 33. Re3 a4 $11)) 31... Qb2 32. Rae1 Qxa3 33. h4 Qd6 34. g3 Nd5 35. Bxd5 Qxd5 {[%emt 0:00:01][%mdl 4096] Endgame KQ-KRR} 36. Rc1 (36. Re7 $17) 36... a4 $2 (36... Qa2 $19 {and Black stays clearly on top. Hoping for ...Qd2.} 37. Ree1 Qc4) 37. c4 Qxd4 {[%emt 0:01:51] And now ...Qb2 would win.} 38. Ra3 Qc5 39. Rxa4 b5 40. Raa1 b4 ({But not} 40... bxc4 41. Ra2 $14) 41. Ra8+ Kg7 {[%emt 0:02:36] Strongly threatening ...g5.} 42. Rb8 c6 43. Rb1 Qxc4 44. R8xb4 Qc5 45. Re4 g5 46. hxg5 hxg5 47. Ree1 Kg6 48. Rec1 Qd5 49. Rb6 Kh5 50. Rbxc6 f5 51. R6c5 Qd2 52. R1c4 Kg6 53. Kg2 g4 54. Ra4 Qd3 {[%emt 0:02:08] Threatens to win with ...Qf3+.} 55. Rc6+ Kg5 56. Raa6 {[%emt 0:00:16] White threatens Rg6+ and mate.} Qf3+ {[%emt 0:00:12] The position is equal.} (56... Qe2 $2 {gets mated.} 57. Rg6+ Kh5 58. Rh6+ Kg5 59. Rag6#) 57. Kg1 {[%emt 0:00:06] The board is on fire.} Qd1+ $1 58. Kh2 Qd2 (58... Qf1 $2 {leads to mate.} 59. Rg6+ Kh5 60. Rh6+ Kg5 61. Rag6#) 59. Rg6+ Kh5 60. Kg2 {[%emt 0:01:21] Intending Rgd6 and mate.} Qd5+ 61. Kg1 {[%emt 0:00:11] Rh6+ would kill now.} Qd1+ 62. Kh2 {[%emt 0:00:04] Threatening mate with Rh6+.} Qd2 {[%emt 0:00:07] Inhibits Rh6+.} 63. Kg2 {[%emt 0:01:58] Weighted Error Value: White=0.14 (very precise) /Black=0.13 (very precise)} 1/2-1/2

[Event "37th ECCC 2022"]
[Site "Mayrhofen"]
[Date "2022.10.06"]
[Round "4.39"]
[White "Roiz, Michael"]
[Black "Kerigan, Demre"]
[Result "0-1"]
[ECO "E94"]
[WhiteElo "2579"]
[BlackElo "2355"]
[Annotator "TA"]
[PlyCount "58"]
[EventDate "2022.10.03"]
[EventType "team-tourn"]
[EventCountry "AUT"]
[SourceTitle "playchess.com"]
[Source "ChessBase"]
[SourceQuality "1"]
[TimeControl "40/5400+30:1800+30"]

1. d4 Nf6 2. c4 g6 3. Nc3 Bg7 4. e4 d6 5. Be2 O-O 6. Nf3 e5 7. O-O Na6 8. Re1 c6 9. Be3 Ng4 {[%emt 0:01:25] E94: King's Indian: Classical: 6 Be2 e5 7 0-0: Various Black 7th moves.} 10. Bg5 f6 11. Bh4 g5 (11... Nh6 $14 {deserves consideration.}) 12. Bg3 $16 Nh6 13. h3 f5 {[%emt 0:23:06] [#]} 14. dxe5 $146 (14. exf5 $1 $14 Nxf5 15. dxe5) ({Predecessor:} 14. exf5 Nxf5 15. dxe5 Nxg3 16. fxg3 g4 17. hxg4 Qb6+ 18. Kh2 Bxg4 19. Ng5 Bf5 20. Bd3 Rae8 21. Bxf5 Rxf5 22. Qh5 {1-0 (22) Lutz,C (2445)-Bernard,C (2335) Bad Wildbad 1990}) 14... f4 $11 15. Bh2 g4 16. hxg4 ({Inferior is} 16. exd6 gxf3 17. Bxf3 Be5 $17) 16... Nxg4 (16... dxe5 $11 17. g5 Nf7) 17. exd6 $16 {[%emt 0:17:13] Threatens to win with Na4.} Qb6 18. c5 $1 Qxc5 19. Rf1 Be6 20. e5 Nxe5 21. Nxe5 Qxe5 22. Re1 {[%emt 0:01:10] Hoping for Bxa6.} Qf6 23. Bxa6 bxa6 24. Qf3 Qg6 {[%emt 0:02:45] [#]} 25. Bxf4 ({White should try} 25. Qe4 $1 $16 Bd7 26. Qc4+ (26. Bxf4 Rab8 $16) 26... Qf7 27. Qxa6) 25... Bxc3 $14 {[%emt 0:00:43][%mdl 64] Deflection} 26. Qxc3 {[%emt 0:01:12][%mdl 8192] White does not recover from this.} ({Avoid the trap} 26. bxc3 $2 Bd5 27. Qg3 {[#]} Rxf4 $1 28. Qxg6+ hxg6 $19) (26. Rxe6 $1 $14 Qxe6 27. bxc3) 26... Rxf4 $19 {[%emt 0:00:46] Dancing on a razor blade. Black is clearly better.} 27. Qxc6 Rc8 28. Qb7 Rf7 {[%emt 0:02:09] Against d7} 29. Qxa6 (29. Qe4 $142 Qxe4 30. Rxe4) 29... Rcf8 {[%emt 0:00:38] Weighted Error Value: White=0.25 (precise) /Black=0.14 (very precise)} 0-1